 Dungeon Crawl Stone Soup version 0.31.0-11-ge490571c62 (webtiles) character file.

Game seed: 5057704974271747741

29995 Curundu the Protected (level 13, -4/119 HPs)
             Began as a Minotaur Berserker on Feb 11, 2024.
             Was a High Priest of Trog.
             Slain by a fire elemental (10 damage)
             ... summoned by a deep elf pyromancer
             ... on level 12 of the Dungeon.
             The game lasted 00:44:35 (10037 turns).

Curundu the Protected (Minotaur Berserker)         Turns: 10037, Time: 00:44:35

Health: -4/119     AC: 25    Str: 38    XL:     13   Next: 18%
Magic:  12/12      EV: 12    Int:  4    God:    Trog [*****.]
Gold:   951        SH:  0    Dex: 11    Spells: 12/12 levels left

rFire   . . .        a - +5 scythe (vamp)
rCold   . . .        (shield currently unavailable)
rNeg    . . .        I - +3 plate armour {ponderous}
rPois   .            q - +0 hat
rElec   .            j - +0 cloak {Will+}
rCorr   .            m - +0 pair of gloves
SInv    .            n - +2 pair of boots {rampage}
Will    +....        u - amulet of the acrobat Stlth
                     y - +6 ring of strength
HPRegen 0.39/turn    A - +6 ring of strength
MPRegen 0.13/turn

%: acrobat, rampage
@: on berserk cooldown, hasted and slowed, slow
A: horns 2, retaliatory headbutt
a: Renounce Religion, Berserk, Trog's Hand, Brothers in Arms


You were on level 12 of the Dungeon.
You worshipped Trog.
Trog was extremely pleased with you.
You visited 1 branch of the dungeon, and saw 12 of its levels.

You collected 951 gold pieces.

Inventory:

Hand Weapons
 a - a +5 vampiric scythe (weapon)
 b - a +0 glaive of flaming
 B - the +10 flail "Alomece" {freeze, *Rage Will- rCorr Int+8}
   (You found it on level 11 of the Dungeon)

   Int+8:     It affects your intelligence (+8).
   Will-:     It decreases your willpower.
   *Rage:     It berserks you when you make melee attacks (+20% chance).
   rCorr:     It protects you from acid and corrosion.
 K - a +1 broad axe
Missiles
 x - 11 boomerangs (quivered)
 D - 4 javelins
Armour
 j - a +0 cloak of willpower (worn)
 m - a +0 pair of gloves (worn)
 n - a +2 pair of boots of rampaging (worn)
 q - a +0 hat (worn)
 I - a +3 plate armour of ponderousness (worn)
Jewellery
 k - a ring of poison resistance
 l - a +5 ring of evasion
 o - a ring of protection from cold
 u - an amulet of the acrobat (around neck)
 y - a +6 ring of strength (left hand)
 z - a +5 ring of evasion
 A - a +6 ring of strength (right hand)
 J - the amulet "Diuwkee" {Rampage Will- Regen+ Str-3 Int+8}
   (You found it on level 9 of the Dungeon)

   [amulet of regeneration]

   Str-3:     It affects your strength (-3).
   Int+8:     It affects your intelligence (+8).
   Will-:     It decreases your willpower.
   Regen+:    It increases your rate of health regeneration.
   Rampage:   It bestows one free step when moving towards enemies.
 O - a +6 ring of intelligence
Wands
 c - a wand of polymorph (17)
 i - a wand of flame (13)
 t - a wand of digging (12)
 E - a wand of iceblast (20)
 G - a wand of charming (4)
 H - a wand of acid (14)
Scrolls
 d - a scroll of immolation
 p - a scroll of blinking
 N - a scroll of teleportation
Potions
 e - a potion of magic
 f - 5 potions of curing
 g - 6 potions of mutation
 h - 5 potions of haste
 r - 2 potions of lignification
 s - a potion of invisibility
 v - a potion of attraction
 w - a potion of heal wounds
 F - 3 potions of might
 L - a potion of enlightenment {unknown}
 P - a potion of cancellation {unknown}


   Skills:
 + Level 12.7 Fighting
 * Level 11.1(11.2) Axes
 - Level 2.2(7.4) Polearms
 + Level 1.5 Throwing
 + Level 13.4 Armour
 * Level 9.6 Dodging
 * Level 9.8 Shields
 * Level 7.5 Evocations


You had 12 spell levels left.
You didn't know any spells.
Your spell library was empty.

Dungeon Overview and Level Annotations

Branches:
Dungeon (12/15)            Temple (0/1) D:4            Lair (0/5) D:11
    Orc (0/2) D:11

Altars:
Cheibriados
Dithmenos
Fedhas
Gozag
Hepliaklqana
Kikubaaqudgha
Makhleb
Nemelex Xobeh
Okawaru
Qazlal
Ru
Vehumet
Xom
Yredelemnul


Innate Abilities, Weirdness & Mutations

You have a pair of horns on your head.
You reflexively headbutt those who attack you in melee.


Message History

The yaktaur shimmers and seems to become two!
You feel yourself speed up. The fire elemental hits you. x2
The yaktaur unwields a +0 arbalest.
The yaktaur barely misses you. You furiously retaliate!
You headbutt the yaktaur. Something hits you.
* * * LOW HITPOINT WARNING * * *
The fire elemental closely misses you. The fire elemental hits you.
The fire elemental burns you!
* * * LOW HITPOINT WARNING * * *
The rakshasa barely misses you.
The deep elf pyromancer gestures wildly while chanting.
The deep elf pyromancer blinks!
The rakshasa hits you but does no damage.
The yaktaur shoots a bolt.
Reactivating autopickup.
You feel much better. The fire elemental closely misses you.
You furiously retaliate!
You headbutt the fire elemental! The fire elemental hits you.
The fire elemental burns you! The rakshasa barely misses you.
The rakshasa hits you from afar with a +0 trident.
The rakshasa hits you but does no damage.
The yaktaur shoots a bolt.
The bolt hits you!
The yaktaur shoots a bolt.
The bolt barely misses you.
The bolt hits the fire elemental!!
You impale the yaktaur!!
You kill the yaktaur!
The yaktaur's corpse shimmers and vanishes!
The fire elemental hits you. The fire elemental burns you!
* * * LOW HITPOINT WARNING * * *
The fire elemental hits you. The fire elemental burns you!
* * * LOW HITPOINT WARNING * * *
The rakshasa misses you.
The rakshasa hits you with a +0 long sword!
* * * LOW HITPOINT WARNING * * *
The rakshasa hits you but does no damage.
The deep elf pyromancer gestures wildly while chanting.
The deep elf pyromancer blinks!
The yaktaur shoots a bolt.
The bolt hits you.
* * * LOW HITPOINT WARNING * * *
The yaktaur shoots a bolt.
The bolt misses you.
The bolt misses the fire elemental.
The fire elemental hits you. The fire elemental burns you!
You die...

.......<..).....## ##...#
.................###....##
..................#......###
(...........................
#...........................
##..........................
##............e...)........
............EER........R..
..#...@RRĀ§.........
.###...)c..)$......
##.cc...........
#........e....##
#......###.....c# ......##
#...... .......# ..####
........# ..#


You could see 3 rakshasas, 3 yaktaurs, 2 deep elf pyromancers and 2 fire
elementals.

Vanquished Creatures
  A hydra (D:9)
  Erolcha (D:11)
  3 centaur warriors
  A death knight (D:12)
  A tengu warrior (D:9)
  4 two-headed ogres
  5 boulder beetles
  Amaemon (D:8)
  Pikel (D:7)
  A deep elf pyromancer (D:9)
  3 manticores
  4 cyclopes
  Maurice (D:8)
  Joseph (D:7)
  The ghost of Livid the Mimic, a novice VSSh (D:6)
  A kobold demonologist (D:9)
  Maggie (D:8)
  A gargoyle (D:12)
  2 unseen horrors (D:11)
  An orange demon (D:8)
  Jeremiah (D:6)
  A freezing wraith (D:9)
  A queen bee (D:11)
  6 trolls
  3 hornets
  A shadow (D:9)
  2 vampires (D:11)
  14 yaks
  Sigmund (D:2)
  4 wyverns
  5 humans (D:10)
  A wraith (D:11)
  2 steam dragons
  A basilisk (D:11)
  3 vampire mosquitoes (D:9)
  2 acid dragons
  3 water moccasins (D:11)
  2 sky beasts
  4 orc warriors
  2 ice beasts
  4 black bears
  4 wolves (D:11)
  9 centaurs
  4 kobold brigands
  4 bullfrogs
  6 scorpions
  5 wights
  43 killer bees
  An electric eel (D:11)
  4 howler monkeys
  2 bombardier beetles
  2 jellies
  6 hounds
  3 orc priests
  Crazy Yiuf (D:2)
  A gnoll bouda (D:6)
  2 sleepcaps
  2 iguanas
  8 orc wizards
  12 adders
  13 gnolls
  2 river rats (D:3)
  2 shadow imps
  A white imp (D:6)
  2 ufetubi (D:5)
  3 ribbon worms
  16 orcs
  11 ball pythons
  9 bats
  8 endoplasms
  5 giant cockroaches
  10 goblins
  13 hobgoblins
  2 jackals (D:4)
  4 quokkas
  3 frilled lizards
  32 kobolds
  3 rats
356 creatures vanquished.

Vanquished Creatures (others)
  An ogre mage (D:12)
1 creature vanquished.

Grand Total: 357 creatures vanquished

Notes
Turn   | Place    | Note
-------+----------+-------------------------------------------
     0 | D:1      | Curundu the Minotaur Berserker began the quest for the Orb.
     0 | D:1      | Reached XP level 1. HP: 19/19 MP: 0/0
   151 | D:1      | Found a faded altar of an unknown god.
   153 | D:1      | Reached XP level 2. HP: 26/27 MP: 1/1
   674 | D:2      | Found a runed translucent door.
   675 | D:2      | Noticed Crazy Yiuf
   681 | D:2      | Killed Crazy Yiuf
   682 | D:2      | Reached XP level 3. HP: 34/34 MP: 2/2
   852 | D:2      | Reached skill level 3 in Armour
   852 | D:2      | Reached XP level 4. HP: 41/41 MP: 3/3
  1024 | D:2      | Reached ** piety under Trog
  1168 | D:2      | Reached XP level 5. HP: 27/42 MP: 4/4
  1320 | D:2      | Reached skill level 5 in Axes
  1418 | D:2      | Noticed Sigmund
  1423 | D:2      | Killed Sigmund
  1424 | D:2      | Reached skill level 1 in Shields
  1424 | D:2      | Reached skill level 1 in Evocations
  1424 | D:2      | Reached XP level 6. HP: 50/55 MP: 5/5
  1633 | D:3      | Reached skill level 5 in Fighting
  1956 | D:3      | Found an iron altar of Okawaru.
  1968 | D:3      | Reached skill level 4 in Armour
  1997 | D:3      | Found a hazy altar of Hepliaklqana.
  1998 | D:3      | Found a radiant altar of Vehumet.
  2012 | D:3      | Found a sparkling altar of Nemelex Xobeh.
  2014 | D:3      | Found a stormy altar of Qazlal.
  2238 | D:3      | Reached skill level 1 in Polearms
  2378 | D:3      | Reached *** piety under Trog
  2541 | D:4      | Found a staircase to the Ecumenical Temple.
  2625 | D:4      | Identified the +3 spear "Foen" {freeze, rC+ Str+3 Stlth+}
  2771 | D:4      | Reached XP level 7. HP: 61/61 MP: 6/6
  3102 | D:5      | Entered Level 5 of the Dungeon
  3352 | D:5      | Found a shadowy altar of Dithmenos.
  3772 | D:6      | Reached skill level 5 in Armour
  3778 | D:6      | Reached **** piety under Trog
  3781 | D:6      | Reached XP level 8. HP: 69/69 MP: 7/7
  3889 | D:6      | Found a basalt altar of Yredelemnul.
  3962 | D:6      | Reached skill level 5 in Dodging
  3967 | D:6      | Noticed a troll
  3971 | D:6      | Killed a troll
  3972 | D:6      | Reached skill level 6 in Armour
  4055 | D:6      | Reached skill level 5 in Shields
  4112 | D:6      | Noticed Jeremiah
  4155 | D:6      | Killed Jeremiah
  4156 | D:6      | Reached XP level 9. HP: 25/76 MP: 8/8
  4407 | D:6      | Found a large runed translucent door.
  4407 | D:6      | Found a large runed translucent door.
  4582 | D:6      | Noticed Livid's ghost (novice VSSh)
  4802 | D:6      | Killed Livid's ghost
  4861 | D:7      | Reached skill level 7 in Armour
  4881 | D:7      | Noticed Pikel
  4890 | D:7      | Killed Pikel
  4942 | D:7      | Reached skill level 1 in Throwing
  5029 | D:7      | Noticed Joseph
  5038 | D:7      | Killed Joseph
  5384 | D:7      | Reached skill level 8 in Armour
  5564 | D:8      | Reached XP level 10. HP: 88/88 MP: 9/9
  5721 | D:8      | Found an ancient bone altar of Kikubaaqudgha.
  5750 | D:8      | Noticed an orange demon
  5751 | D:8      | Noticed Amaemon
  5756 | D:8      | Paralysed by a hornet for 3 turns
  5764 | D:8      | Killed Amaemon
  5765 | D:8      | Reached skill level 5 in Evocations
  5768 | D:8      | Killed an orange demon
  6030 | D:8      | Reached skill level 9 in Armour
  6202 | D:8      | Noticed Maggie
  6213 | D:8      | Killed Maggie
  6398 | D:8      | Found a transporter.
  6400 | D:8      | Found a transporter.
  6400 | D:8      | Noticed Maurice
  6402 | D:8      | Noticed a boulder beetle
  6636 | D:8      | Maurice stole 4 javelins
  6637 | D:8      | Maurice stole a +0 glaive of flaming
  6638 | D:8      | Maurice stole 436 gold
  6648 | D:8      | Killed a boulder beetle
  6656 | D:8      | Killed Maurice
  6893 | D:9      | Reached XP level 11. HP: 90/97 MP: 10/10
  6937 | D:9      | Reached skill level 10 in Armour
  6944 | D:9      | Reached ***** piety under Trog
  6966 | D:9      | Noticed a deep elf pyromancer
  6989 | D:9      | Killed a deep elf pyromancer
  7097 | D:9      | Noticed a tengu warrior
  7097 | D:9      | Noticed a centaur warrior
  7128 | D:9      | Reached skill level 10 in Fighting
  7134 | D:9      | Noticed a boulder beetle
  7134 | D:9      | Noticed a boulder beetle
  7142 | D:9      | Killed a tengu warrior
  7147 | D:9      | Killed a centaur warrior
  7148 | D:9      | Reached skill level 11 in Armour
  7149 | D:9      | Noticed a five-headed hydra
  7161 | D:9      | Killed a boulder beetle
  7166 | D:9      | Killed a two-headed hydra
  7179 | D:9      | Killed a boulder beetle
  7180 | D:9      | Reached skill level 10 in Axes
  7395 | D:9      | Found a blossoming altar of Fedhas.
  7396 | D:9      | Found a snail-covered altar of Cheibriados.
  7397 | D:9      | Found a burning altar of Makhleb.
  7402 | D:9      | Found a shimmering altar of Xom.
  7428 | D:9      | Noticed a centaur warrior
  7437 | D:9      | Killed a centaur warrior
  7438 | D:9      | Reached XP level 12. HP: 96/108 MP: 11/11
  7502 | D:9      | Found an opulent altar of Gozag.
  7519 | D:9      | Found a sacrificial altar of Ru.
  7579 | D:9      | Identified the +5 dagger "Annied" {freeze, rPois Int+3}
  7588 | D:9      | Identified the amulet "Diuwkee" {Rampage Will- Regen+ Str-3
                  | Int+8}
  7807 | D:10     | Entered Level 10 of the Dungeon
  7966 | D:10     | Reached skill level 12 in Armour
  8650 | D:11     | Noticed Erolcha
  8681 | D:11     | Noticed a boulder beetle
  8686 | D:11     | Killed Erolcha
  8690 | D:11     | HP: 8/165 [boulder beetle (12)]
  8710 | D:11     | Killed a boulder beetle
  8828 | D:11     | Identified the +10 flail "Alomece" {freeze, *Rage Will-
                  | rCorr Int+8}
  8866 | D:11     | Found a staircase to the Lair.
  9380 | D:11     | Found a staircase to the Orcish Mines.
  9685 | D:11     | Noticed a two-headed ogre
  9697 | D:11     | Killed a two-headed ogre
  9716 | D:11     | Reached skill level 13 in Armour
  9915 | D:12     | Noticed a two-headed ogre
  9915 | D:12     | Noticed a two-headed ogre
  9915 | D:12     | Noticed a two-headed ogre
  9916 | D:12     | Noticed a boulder beetle
  9934 | D:12     | Killed a two-headed ogre
  9947 | D:12     | Killed a boulder beetle
  9948 | D:12     | Reached XP level 13. HP: 118/119 MP: 12/12
 10037 | D:12     | Slain by a fire elemental

Illustrated notes

Levels and vault maps discovered:
D:1:      minmay_arrival_radiant_lines, layout_loops_ring,
          hellmonk_ecumenical_altar_blasted
D:2:      minmay_spotlight, layout_loops_ring, minivault_25, st_stairs_12,
          kennysheep_doodads, minmay_split_cup_large, uniq_sigmund,
          uniq_crazy_yiuf_cottage
D:3:      layout_rooms, mainiacjoe_overflow_tiny_flanked,
          nicolae_overflow_macrodata_refinement, gup_sewer_entry_bubbles,
          kennysheep_generic_room_5
D:4:      layout_cave_pools, minmay_temple_entry_arrows
D:5:      layout_basic, nicolae_dithmenos_the_darkroom
D:6:      hangedman_cross_stitches, layout_loops_ring,
          mainiacjoe_overflow_surrounded_room, ebering_ghost_disaster_area,
          reono_crystal_passage, uniq_jeremiah
D:7:      layout_cave_pools, chequers_decorated_corner, uniq_pikel, uniq_joseph
D:8:      gammafunk_boulding_lane, layout_cave_pools,
          nicolae_overflow_crystal_walls, uniq_maggie, uniq_maurice,
          uniq_amaemon
D:9:      minmay_the_grid_octo_triangle [minmay_the_grid_octo_teeth,
          minmay_the_grid_octo_prize_square_snowflake,
          minmay_the_grid_octo_clover], layout_cave_pools, lemuel_round_altar,
          grunt_temple_overflow_open
D:10:     nicolae_cairo_tiling_large, layout_long_grid, minmay_ruffians
D:11:     layout_loops_corners, minmay_lair_entry_grove, orc_0_dummy,
          special_room [special_room_bee], serial_bayou_pond_b, uniq_erolcha
D:12:     layout_big_octagon, minivault_28

Skill      XL: |  1  2  3  4  5  6  7  8  9 10 11 12 |
---------------+-------------------------------------+-----
Fighting       | 4 5 6 7 9 10 12 | 12.7
Axes           | 4 5 6 7 8 9 10 11 | 11.1
Armour         | 3 4 5 6 8 9 11 13 | 13.4
Dodging        | 3 4 5 6 7 8 9 |  9.6
Shields        | 1 2 3 5 6 7 8 9 |  9.8
Evocations     | 1 2 3 4 5 6 7 |  7.5
Polearms       | 1 2 |  2.2
Throwing       | 1 |  1.5

Action                     |  1- 3 |  4- 6 |  7- 9 | 10-12 | 13-15 || total
---------------------------+-------+-------+-------+-------+-------++-------
  Melee: Hand axe          |    54 |    51 |       |       |       ||   105
         Headbutt          |     7 |    25 |    28 |   102 |     9 ||   171
         War axe           |       |    19 |       |       |       ||    19
         Halberd           |       |   111 |   175 |   493 |    31 ||   810
         Glaive            |       |       |       |     5 |       ||     5
  Throw: Boomerang         |       |       |     6 |       |       ||     6
 Invoke: Trog's Hand       |       |     1 |     4 |    12 |     1 ||    18
         Berserk           |       |       |     1 |     5 |     1 ||     7
    Use: Scroll            |     4 |     3 |     4 |    11 |       ||    22
         Potion            |       |       |       |     4 |     3 ||     7
   Stab: Distracted        |       |     1 |       |       |       ||     1
 Armour: Animal skin       |     8 |       |       |       |       ||     8
         Scale mail        |    37 |     3 |       |       |       ||    40
         Plate armour      |       |   239 |   201 |   624 |    95 ||  1159
  Dodge: Dodged            |    40 |    94 |   192 |   528 |    42 ||   896
